 Dungeon Crawl Stone Soup version 0.25.1-2-g60ff931df9 (webtiles) character file.

Game seed: 5971816848475855177

3135 Doot the Magician (level 9, -5/64 HPs)
             Began as a Demonspawn Venom Mage on Sept 12, 2020.
             Was a Believer of Kikubaaqudgha.
             Slain by a wyvern zombie (8 damage)
             ... on level 9 of the Dungeon.
             The game lasted 00:22:55 (8975 turns).

Doot the Magician (Demonspawn Venom Mage)           Turns: 8975, Time: 00:22:56

Health: -5/64      AC:  2    Str:  8    XL:     9   Next: 61%
Magic:  0/19       EV: 14    Int: 19    God:    Kikubaaqudgha [**....]
Gold:   369        SH:  0    Dex: 15    Spells: 6/21 levels left

rFire    . . .     SeeInvis .   t - +1 dagger (venom)
rCold    . . .     Gourm    .   (no shield)
rNeg     . . .     Faith    .   a - +0 robe
rPois    .         Spirit   +   (helmet restricted)
rElec    .         Reflect  .   (no cloak)
rCorr    .         Harm     .   (no gloves)
MR       .....                  (no boots)
Stlth    ++........             (no amulet)
HPRegen  1.20/turn              (no ring)
MPRegen  0.32/turn              (no ring)

@: no status effects
A: horns 2, powered by death 2, magic shield, magic regeneration
a: Receive Corpses, Renounce Religion


You were on level 9 of the Dungeon.
You worshipped Kikubaaqudgha.
Kikubaaqudgha was pleased with you.
You were near starving.

You visited 2 branches of the dungeon, and saw 10 of its levels.
You also visited: Ossuary.

You collected 369 gold pieces.

Inventory:

Hand Weapons
 d - a +0 short sword
 f - a +0 whip
 h - a +2 dagger of freezing
 t - a +1 dagger of venom (weapon)
Armour
 a - a +0 robe (worn)
 v - a cursed +0 ring mail
Wands
 b - a wand of random effects (23)
 l - a wand of paralysis (7)
 p - a wand of digging (11)
 q - a wand of acid (2)
 s - a wand of polymorph (11)
Scrolls
 j - 3 scrolls of remove curse
 k - 3 scrolls of amnesia
 n - a scroll of teleportation {unknown}
 o - a scroll of enchant weapon {unknown}
 u - 2 scrolls of magic mapping
 w - a scroll of immolation {unknown}
 x - a scroll of fog {unknown}
Potions
 e - 2 potions of heal wounds
 i - 2 potions of might
 m - a potion of cancellation {unknown}
 r - 3 potions of curing
 z - a potion of berserk rage {unknown}
 A - 2 potions of haste
Comestibles
 c - 2 rations


   Skills:
 + Level 3.5 Fighting
 + Level 2.9 Short Blades
 + Level 4.1 Dodging
 + Level 3.6 Stealth
 + Level 6.9 Spellcasting
 + Level 0.4 Conjurations
 + Level 4.7 Transmutations
 + Level 2.1 Fire Magic
 + Level 1.1 Air Magic
 + Level 6.7 Poison Magic


You had 6 spell levels left.
You knew the following spells:

 Your Spells              Type           Power        Failure   Level  Hunger
a - Sting                 Tmut/Pois      ####         1%          1    None
b - Poisonous Vapours     Pois/Air       ###...       3%          2    None
c - Ignite Poison         Fire/Tmut/Pois ###.....     4%          3    #......
d - Mephitic Cloud        Conj/Pois/Air  ###.....     10%         3    #......
e - Olgreb's Toxic Radia  Pois           ####....     6%          4    ###....
f - Corpse Rot            Necr/Air       N/A          12%         2    None

Your spell library contained the following spells:

 Spells                   Type           Power        Failure   Level  Hunger
 Pain                     Necr           #...         10%         1    None
 Freeze                   Ice            #...         11%         1    None
 Sublimation of Blood     Necr           #.........   16%         2    None
 Frozen Ramparts          Ice            #.....       30%         3    #......
 Ozocubu's Armour         Chrm/Ice       #.......     30%         3    #......
 Vampiric Draining        Necr           #.........   30%         3    #......
 Hailstorm                Conj/Ice       #.......     67%         4    ###....
 Summon Ice Beast         Ice/Summ       #.......     71%         4    ###....


Dungeon Overview and Level Annotations

Branches:
Dungeon (9/15)             Temple (1/1) D:7         Ossuary (visited)
   Lair: D:8-11         Orc: D:9-12

Altars:
Ashenzari
Hepliaklqana
Kikubaaqudgha
Makhleb
Ru
Sif Muna
Uskayaw
Xom
Yredelemnul
Zin

Shops:
D:6 (   D:7 *

Annotations:
D:5 1 exclusion


Innate Abilities, Weirdness & Mutations

You have a pair of horns on your head.
You regenerate health from kills.
When hurt, damage is shared between your health and your magic reserves.
You regenerate magic rapidly.


Message History

The bullfrog closely misses you. The bullfrog misses you.
You hit the bullfrog.
The bullfrog looks as sick as possible!
Your headbutt misses the bullfrog.
The bullfrog is moderately wounded.
The bullfrog misses you.
You hit the bullfrog.
The bullfrog is severely wounded.
The bullfrog closely misses you.
You kill the bullfrog!
Kikubaaqudgha accepts your kill.
You hit the wyvern zombie.
The wyvern zombie is almost destroyed.
You hear the faint creaking of a very distant portcullis.
The wyvern zombie bites you!
* * * LOW HITPOINT WARNING * * *
You hit the wyvern zombie.
The wyvern zombie is almost destroyed.
The wyvern zombie bites you!
You die...
Kikubaaqudgha rasps: "You have failed me!
Welcome... death!"

.T.####.(..#.#... #.#
........_........ #.##
...#.#....#######+#####...
# #...## #............
#.###.# #............
#.....# #............
#####.# ##............
#.####...........##
#.@Z.†...........#
############.....# #.....#
#.....# #.....# #.....#
#....... #....... #.......


You could see a wyvern zombie.

Vanquished Creatures
  2 ice beasts (D:8)
  2 sky beasts (D:6)
  5 orc warriors
  A phantom (D:8)
  An eye of draining (D:9)
  An ogre (D:8)
  A centaur (D:8)
  A big kobold (D:8)
  2 elf zombies (Ossuary)
  4 bullfrogs
  2 scorpions
  A howler monkey (D:4)
  A crimson imp (D:7)
  3 bullfrog zombies
  3 human zombies (Ossuary)
  4 jellies
  5 hounds
  2 orc priests
  2 bullfrog skeletons (D:7)
  3 centaur skeletons
  9 orc wizards
  3 worker ants
  A hound zombie (Ossuary)
  5 mummies
  7 gnolls
  7 adders
  A shadow imp (D:5)
  2 oozes
  An adder zombie (Ossuary)
  3 worms
  2 dart slugs
  A leopard gecko (D:6)
  19 orcs
  6 giant cockroaches
  5 hobgoblins
  4 jackals
  15 kobolds
  A quokka (D:2)
  4 bats
  7 frilled lizards
  3 goblins (D:2)
  A goblin zombie (Ossuary)
  3 hobgoblin zombies (Ossuary)
  A jackal zombie (Ossuary)
  A leopard gecko skeleton (D:5)
  A quokka zombie (D:5)
  4 rats
163 creatures vanquished.

Notes
Turn   | Place    | Note
-------+----------+-------------------------------------------
     0 | D:1      | Doot the Demonspawn Venom Mage began the quest for the Orb.
     0 | D:1      | Reached XP level 1. HP: 13/13 MP: 3/3
   392 | D:1      | Gained mutation: You regenerate a little health from kills.
                  | [demonic ancestry]
   392 | D:1      | Reached XP level 2. HP: 17/19 MP: 3/5
  1353 | D:2      | Reached skill level 1 in Transmutations
  1353 | D:2      | Gained mutation: When hurt, damage is shared between your
                  | health and your magic reserves. [demonic ancestry]
  1353 | D:2      | Reached XP level 3. HP: 17/24 MP: 0/6
  1782 | D:2      | Gained mutation: You have a pair of small horns on your
                  | head. [demonic ancestry]
  1782 | D:2      | Reached XP level 4. HP: 11/31 MP: 0/8
  2437 | D:2      | Reached skill level 1 in Fighting
  2444 | D:2      | Learned a level 2 spell: Poisonous Vapours
  2448 | D:2      | Learned a level 3 spell: Ignite Poison
  2452 | D:2      | Learned a level 3 spell: Mephitic Cloud
  2786 | D:4      | Gained mutation: You have a pair of horns on your head.
                  | [demonic ancestry]
  2786 | D:4      | Reached XP level 5. HP: 24/37 MP: 4/9
  4021 | D:4      | Noticed a phantom
  4036 | D:5      | Entered Level 5 of the Dungeon
  4039 | D:5      | Gained mutation: You regenerate health from kills. [demonic
                  | ancestry]
  4039 | D:5      | Reached XP level 6. HP: 43/43 MP: 11/11
  4525 | D:6      | Noticed a sky beast
  4532 | D:6      | Killed a sky beast
  4532 | D:6      | Reached skill level 1 in Short Blades
  4694 | D:6      | Reached XP level 7. HP: 35/48 MP: 2/13
  5037 | D:6      | Learned a level 4 spell: Olgreb's Toxic Radiance
  5191 | D:6      | Reached skill level 5 in Poison Magic
  5588 | D:6      | Found Xaef's Antique Weapon Boutique.
  5814 | D:6      | Found a sacrificial altar of Ru.
  6105 | D:7      | Reached XP level 8. HP: 53/56 MP: 7/15
  6148 | D:7      | Reached skill level 5 in Spellcasting
  6148 | D:7      | Reached skill level 1 in Fire Magic
  6251 | D:7      | Found Zaulethri's General Store.
  7071 | D:7      | Found a staircase to the Ecumenical Temple.
  7081 | Temple   | Entered the Ecumenical Temple
  7105 | Temple   | Became a worshipper of Kikubaaqudgha
  8045 | D:8      | Gained mutation: You regenerate magic rapidly. [demonic
                  | ancestry]
  8045 | D:8      | Reached XP level 9. HP: 54/62 MP: 5/17
  8045 | D:8      | Reached * piety under Kikubaaqudgha
  8045 | D:8      | Identified Kikubaaqudgha's Disquisition on Unholy Rituals
                  | (Kikubaaqudgha gifted it to you on level 8 of the Dungeon)
  8045 | D:8      | Received a gift from Kikubaaqudgha
  8059 | D:8      | Reached skill level 1 in Air Magic
  8135 | D:8      | Found a sand-covered staircase.
  8141 | Ossuary  | Entered an ossuary
  8538 | D:8      | Reached ** piety under Kikubaaqudgha
  8542 | D:8      | Learned a level 2 spell: Corpse Rot
  8856 | D:8      | Found a shimmering altar of Xom.
  8856 | D:8      | Found a shimmering altar of Xom.
  8856 | D:8      | Found a shimmering altar of Xom.
  8857 | D:8      | Found a shimmering altar of Xom.
  8858 | D:8      | Found a shimmering altar of Xom.
  8909 | D:9      | Found a basalt altar of Yredelemnul.
  8915 | D:9      | Noticed a troll
  8974 | D:9      | HP: 2/64 [wyvern zombie (13)]
  8975 | D:9      | Slain by a wyvern zombie

Illustrated notes

Levels and vault maps discovered:
D:1:      eino_arrival_cavern_b, layout_rooms
D:2:      layout_loops_ring, nicolae_gozag_cash_rules_everything_around_me,
          first_ration
D:3:      layout_loops_ring, nicolae_tso_swordbearing_angel,
          fiery_altar_vehumet, minmay_misc_feat_roman
D:4:      layout_basic, uniq_crazy_yiuf_cottage
D:5:      layout_rooms
D:6:      layout_basic, nicolae_ru_path_of_blood, serial_shops, shop_fountains
D:7:      layout_basic, minmay_temple_entry_glass, serial_shops,
          nicolae_shop_trees
D:8:      layout_gridville, xom_redecorated, grunt_temple_overflow_octagram,
          gup_ossuary_entry_pyramid, serial_shops, nicolae_shop_trees
D:9:      cheibrodos_histonic, layout_irregular_city,
          nicolae_overflow_crystal_walls, orc_0_dummy, enter_bailey_7,
          grunt_ogre_cave, okawaru_ov_weapons_minmay
Temple:   dpeg_three_leaves_temple

Skill      XL: |  1  2  3  4  5  6  7  8  9 |
---------------+----------------------------+-----
Transmutations | 1 2 3 4 |  4.7
Stealth        | 2 3 |  3.6
Poison Magic   | 4 5 6 |  6.7
Spellcasting   | 3 4 5 6 |  6.9
Fighting       | 1 2 3 |  3.5
Dodging        | 2 4 |  4.1
Short Blades   | 1 2 |  2.9
Fire Magic     | 1 2 |  2.1
Air Magic      | 1 |  1.1
Conjurations   | |  0.4

Action                   |  1- 3 |  4- 6 |  7- 9 || total
-------------------------+-------+-------+-------++-------
Melee: Short sword       |     8 |       |       ||     8
       Whip              |     5 |       |       ||     5
       Dagger            |     7 |    56 |   210 ||   273
       Headbutt          |       |    11 |    21 ||    32
 Cast: Sting             |    50 |    49 |    45 ||   144
       Poisonous Vapours |       |     8 |     6 ||    14
       Ignite Poison     |       |     2 |    35 ||    37
       Olgreb's Toxic Ra |       |       |     9 ||     9
       Mephitic Cloud    |       |       |    10 ||    10
       Corpse Rot        |       |       |     1 ||     1
Evoke: Wand              |       |       |     2 ||     2
  Use: Potion            |       |       |     5 ||     5
       Scroll            |       |       |     6 ||     6
 Stab: Sleeping          |       |     2 |     2 ||     4
       Distracted        |       |     1 |     1 ||     2
  Eat: Chunk             |     3 |    10 |     8 ||    21
       Ration            |       |       |     2 ||     2
Armor: Robe              |     7 |     8 |    18 ||    33
       Skin              |       |       |   120 ||   120
Dodge: Dodged            |    34 |    45 |   190 ||   269
